 Dungeon Crawl Stone Soup version 0.20.0-15-g7f486f2 (webtiles) character file.

15085 meatball the Cleaver (level 12, -1/114 (115) HPs)
             Began as a Hill Orc Berserker on June 29, 2017.
             Was a High Priest of Trog.
             Slain by a yak (4 damage)
             ... on level 1 of the Lair of Beasts.
             The game lasted 01:19:59 (10329 turns).

meatball the Cleaver (Hill Orc Berserker)          Turns: 10329, Time: 01:20:00

HP:   -1/114 (115)  AC:  9    Str: 29    XL:     12   Next: 23%
MP:   12/12         EV:  8    Int: 13    God:    Trog [*****.]
Gold: 492           SH: 17    Dex: 14    Spells: 11/11 levels left

rFire    . . .     SeeInvis +   R - staff of cold
rCold    + . .     Gourm    .   E - +0 large shield
rNeg     + . .     Faith    .   C - +4 robe of Augmentation {Str+4 Int+4 Dex+4}
rPois    .         Spirit   .   Q - +1 helmet "Piczupes" {Int+2 SInv}
rElec    .         Reflect  .   (no cloak)
rCorr    .         Harm     .   (no gloves)
MR       ++...                  (no boots)
Stlth    +.........             X - amulet of rage
Regen    1.3/turn               q - ring of positive energy
MPRegen  0.2/turn               (no ring)

@: berserk cooldown, regenerating, slowed, very slow
A: no striking features
a: Berserk, Trog's Hand, Brothers in Arms, Burn Spellbooks, Renounce Religion,
Evoke Berserk Rage


You were on level 1 of the Lair of Beasts.
You worshipped Trog.
Trog was extremely pleased with you.
You were very hungry.

You visited 2 branches of the dungeon, and saw 12 of its levels.
You also visited: Ossuary.

You collected 612 gold pieces.
You spent 120 gold pieces at shops.

Inventory:

Hand Weapons
 M - a +1 broad axe of venom
Missiles
 w - 3 throwing nets (quivered)
Armour
 y - a +0 plate armour
 C - the +4 robe of Augmentation (worn) {Str+4 Int+4 Dex+4}
   (You found it on level 4 of the Dungeon)

   It affects your strength (+4).
   It affects your intelligence (+4).
   It affects your dexterity (+4).
 E - a +0 large shield (worn)
 F - a +2 buckler
 Q - the +1 helmet "Piczupes" (worn) {Int+2 SInv}
   (You found it in an ossuary)

   It affects your intelligence (+2).
   It lets you see invisible.
Magical Staves
 R - an uncursed staff of cold (weapon)
Jewellery
 g - an uncursed ring of flight
 q - a ring of positive energy (left hand)
 N - an uncursed ring of resist corrosion
 X - an amulet of rage (around neck)
Wands
 v - a wand of flame (16/48)
 x - a wand of confusion (24/48)
 B - a wand of enslavement (11/24)
 H - a wand of random effects (24/48)
 S - a wand of digging (7/24)
Scrolls
 a - a scroll of blinking {unknown}
 b - 6 scrolls of immolation {unknown}
 d - 6 scrolls of identify
 i - 5 scrolls of remove curse
 l - 7 scrolls of noise {unknown}
 o - 5 scrolls of teleportation {unknown}
 p - a scroll of amnesia {unknown}
 t - 4 scrolls of fog {unknown}
 u - a scroll of magic mapping {unknown}
 G - 3 scrolls of random uselessness {unknown}
 I - 3 scrolls of enchant weapon {unknown}
 T - a scroll of recharging {unknown}
 U - 2 scrolls of holy word {unknown}
 W - a scroll of brand weapon {unknown}
 Z - a scroll of fear {unknown}
Potions
 e - 4 potions of curing
 f - 3 potions of invisibility {unknown}
 k - 3 potions of agility {unknown}
 n - 3 potions of flight {unknown}
 r - 6 potions of lignification {unknown}
 s - 13 potions of heal wounds {unknown}
 z - 3 potions of might {unknown}
 A - 2 potions of ambrosia {unknown}
 D - a potion of resistance {unknown}
 K - 4 potions of mutation {unknown}
 L - a potion of berserk rage {unknown}
 O - 2 potions of brilliance {unknown}
 P - 2 potions of cancellation {unknown}
Miscellaneous
 Y - a phantom mirror
Comestibles
 c - 7 bread rations
 h - 3 meat rations
 j - 7 royal jellies
 m - 14 fruits


   Skills:
 * Level 13.5 Fighting
 * Level 14.1 Axes
 * Level 11.0 Armour
 - Level 1.5 Dodging
 + Level 6.5 Shields


You had 11 spell levels left.
You didn't know any spells.

Dungeon Overview and Level Annotations

Branches:
Dungeon (11/15)            Temple (0/1) D:5            Lair (1/6) D:11
    Orc (0/2) D:11

Altars:
Ashenzari
Cheibriados
Dithmenos
Fedhas
Kikubaaqudgha
Makhleb
Sif Muna
Uskayaw
Vehumet
Yredelemnul

Shops:
D:5 [   D:9 *


Message History

* * * LOW HITPOINT WARNING * * *
You block the yak's attack.
You hit the yak!
The yak is heavily wounded.
The yak gores you but does no damage. You block the yak's attack.
The yak gores you.
* * * LOW HITPOINT WARNING * * *
The yak gores you!
* * * LOW HITPOINT WARNING * * *
You are too berserk!
You hit the yak!
The yak is almost dead.
You block the yak's attack. The yak gores you but does no damage.
You block the yak's attack. x2
Your shield prevents you from hitting the yak.
The yak is almost dead.
You are no longer berserk.
You are exhausted.
You feel yourself slow down. The yak gores you.
You die...

..............
.............
#............#
#............#
####............#
................##
.................#
......YY........#
.......@Y?......##
........Y.......P#
................#
................#
................#
................#
................#
...#..####.####.#
### ### #.#


You could see 4 yaks.

Vanquished Creatures
  Harold (D:10)
  5 two-headed ogres
  An unseen horror (D:10)
  A cyclops (D:11)
  A black mamba (Lair:1)
  A spiny frog (Lair:1)
  A tengu conjurer (D:10)
  A centaur skeleton (D:11)
  Prince Ribbit (D:7)
  3 hippogriffs
  3 blink frogs (Lair:1)
  Sigmund (D:5)
  The ghost of yogakurto the Skirmisher, an amateur TrAK of Lugonu (D:5)
  A wyvern (D:11)
  11 yaks
  A hungry ghost (D:10)
  3 wargs (D:11)
  A water moccasin (Lair:1)
  4 orc warriors
  A sky beast (D:8)
  2 ice beasts
  A black bear (D:6)
  A phantom (D:7)
  5 ogres
  2 necrophages
  5 wolves (Lair:1)
  3 centaurs
  A crocodile (D:7)
  2 bullfrogs
  3 water moccasin zombies (Ossuary)
  6 scorpions
  16 killer bees
  4 wights (D:7)
  3 howler monkeys
  A bullfrog zombie (D:11)
  3 crimson imps
  A quasit (D:10)
  2 jellies
  8 orc priests
  A bullfrog skeleton (D:11)
  14 orc wizards
  Jessica (D:2)
  5 iguanas
  Terence (D:2)
  5 worker ants
  4 big kobold zombies (Ossuary)
  2 hound skeletons
  A hound zombie (D:6)
  2 mummies (Ossuary)
  6 adders
  3 gnolls (D:6)
  3 shadow imps
  2 oozes
  3 adder zombies (Ossuary)
  3 adder skeletons
  2 worms
  A dart slug (D:4)
  9 leopard geckos
  46 orcs
  A ball python (D:7)
  10 bats
  8 giant cockroaches
  A gnoll zombie (Ossuary)
  3 goblins
  9 hobgoblins
  15 jackals
  9 kobolds
  5 quokkas
  4 frilled lizards
  4 hobgoblin zombies (Ossuary)
  A kobold zombie (Ossuary)
  6 orc zombies (Ossuary)
  A quokka zombie (D:6)
  7 rats
  A plant (D:10)
311 creatures vanquished.

Vanquished Creatures (others)
  2 fungi (D:11)
  A plant (D:11)
3 creatures vanquished.

Grand Total: 314 creatures vanquished

Notes
Turn   | Place    | Note
-------+----------+-------------------------------------------
     0 | D:1      | meatball the Hill Orc Berserker began the quest for the Orb.
     0 | D:1      | Reached XP level 1. HP: 19/19 MP: 1/1
   243 | D:1      | Reached XP level 2. HP: 27/27 MP: 2/2
   762 | D:1      | Reached XP level 3. HP: 32/33 MP: 3/3
   911 | D:2      | Reached skill level 5 in Axes
   914 | D:2      | Reached ** piety under Trog
   988 | D:2      | Found a shattered altar of Ashenzari.
  1093 | D:2      | Noticed Jessica
  1100 | D:2      | Killed Jessica
  1100 | D:2      | Reached XP level 4. HP: 30/41 MP: 4/4
  1161 | D:2      | Noticed Terence
  1180 | D:2      | Killed Terence
  1587 | D:3      | Found a blossoming altar of Fedhas.
  1605 | D:3      | Reached XP level 5. HP: 32/47 MP: 5/5
  1618 | D:3      | Reached skill level 5 in Fighting
  1618 | D:3      | Reached skill level 6 in Axes
  1645 | D:3      | HP: 2/48 [poisoned by an orc wizard]
  1963 | D:3      | Found a burning altar of Makhleb.
  2037 | D:3      | Found a hide-covered altar of Uskayaw.
  2662 | D:4      | Reached XP level 6. HP: 48/56 MP: 6/6
  2710 | D:4      | Noticed an orc warrior
  2725 | D:4      | Reached *** piety under Trog
  2726 | D:4      | Killed an orc warrior
  2726 | D:4      | Reached skill level 7 in Axes
  2782 | D:4      | Found an ancient bone altar of Kikubaaqudgha.
  2850 | D:4      | Found a shadowy altar of Dithmenos.
  2924 | D:4      | Found a snail-covered altar of Cheibriados.
  3288 | D:4      | Reached XP level 7. HP: 38/63 MP: 7/7
  3308 | D:5      | Entered Level 5 of the Dungeon
  3308 | D:5      | Noticed yogakurto's ghost (amateur TrAK)
  3441 | D:5      | Killed yogakurto's ghost
  3496 | D:5      | Reached skill level 8 in Axes
  3597 | D:5      | Noticed Sigmund
  3608 | D:5      | Killed Sigmund
  3608 | D:5      | Reached XP level 8. HP: 24/73 MP: 8/8
  3698 | D:5      | Reached skill level 9 in Axes
  3698 | D:5      | Reached skill level 5 in Armour
  3711 | D:5      | Found a radiant altar of Vehumet.
  3939 | D:5      | Found Bunapryokhli's Antique Armour Emporium.
  4323 | D:5      | Found a staircase to the Ecumenical Temple.
  4723 | D:6      | Found a deep blue altar of Sif Muna.
  4856 | D:6      | Reached skill level 1 in Shields
  5281 | D:7      | Reached skill level 10 in Axes
  5281 | D:7      | Reached XP level 9. HP: 71/83 MP: 9/9
  5476 | D:7      | Noticed Prince Ribbit
  5481 | D:7      | Killed Prince Ribbit
  5481 | D:7      | Reached **** piety under Trog
  5904 | D:8      | Reached skill level 10 in Fighting
  5931 | D:8      | Noticed a two-headed ogre
  5938 | D:8      | Killed a two-headed ogre
  5938 | D:8      | Reached skill level 11 in Axes
  5938 | D:8      | Reached XP level 10. HP: 94/94 MP: 10/10
  5939 | D:8      | Found a sand-covered staircase.
  5950 | Ossuary  | Entered an ossuary
  6070 | Ossuary  | Reached ***** piety under Trog
  6135 | Ossuary  | Got a slimy helmet
  6146 | Ossuary  | Identified the +1 helmet "Piczupes" {Int+2 SInv} (You found it in an ossuary)
  6165 | D:8      | Noticed a two-headed ogre
  6172 | D:8      | Killed a two-headed ogre
  6545 | D:8      | Found a basalt altar of Yredelemnul.
  6728 | D:8      | Reached skill level 12 in Axes
  6733 | D:8      | Received a gift from Trog
  7144 | D:9      | Found Varph's Assorted Antiques.
  7155 | D:9      | Bought a scroll labeled DUM RUSKUREL for 40 gold pieces
  7155 | D:9      | Bought a scroll labeled DUTOAF FUW for 40 gold pieces
  7155 | D:9      | Bought a scroll labeled YBADOM ZINGOEMU for 40 gold pieces
  7190 | D:9      | Noticed a two-headed ogre
  7200 | D:9      | Killed a two-headed ogre
  7307 | D:9      | Reached XP level 11. HP: 100/103 MP: 11/11
  7388 | D:9      | Reached skill level 5 in Shields
  8025 | D:10     | Entered Level 10 of the Dungeon
  8100 | D:10     | Noticed a two-headed ogre
  8112 | D:10     | Killed a two-headed ogre
  8170 | D:10     | Noticed an unseen horror
  8176 | D:10     | Killed an unseen horror
  8176 | D:10     | Reached skill level 13 in Axes
  8187 | D:10     | Reached skill level 10 in Armour
  8635 | D:10     | Noticed Harold
  8658 | D:10     | Killed Harold
  8822 | D:11     | Found a shattered altar of Ashenzari.
  8834 | D:11     | Saw a vision of the Swamp and the Snake Pit.
  8834 | D:11     | Noticed an alligator
  8834 | D:11     | Noticed an anaconda
  8834 | D:11     | Noticed a naga warrior
  8835 | D:11     | Noticed a mana viper
  8896 | D:11     | Found a staircase to the Orcish Mines.
  8898 | D:11     | Noticed a cyclops
  8916 | D:11     | Killed a cyclops
  9199 | D:11     | Received a gift from Trog
  9296 | D:11     | Noticed a two-headed ogre
  9302 | D:11     | Killed a two-headed ogre
  9302 | D:11     | Reached XP level 12. HP: 114/114 MP: 12/12
  9325 | D:11     | Found a staircase to the Lair.
  9920 | Lair:1   | Entered Level 1 of the Lair of Beasts
  9928 | Lair:1   | Reached skill level 14 in Axes
 10327 | Lair:1   | HP: 1/171 [yak (8)]
 10329 | Lair:1   | Slain by a yak

Skill      XL: |  1  2  3  4  5  6  7  8  9 10 11 12 |
---------------+-------------------------------------+-----
Fighting       | 4 5 6 7 9 10 11 13 | 13.5
Axes           | 5 6 7 8 10 11 12 13 14 | 14.1
Armour         | 3 4 5 7 9 10 11 | 11.0
Shields        | 1 3 4 6 |  6.5
Dodging        | |  1.5

Action                   |  1- 3 |  4- 6 |  7- 9 | 10-12 || total
-------------------------+-------+-------+-------+-------++-------
Melee: Hand axe          |   106 |   168 |    53 |   240 ||   567
       War axe           |       |       |   218 |   176 ||   394
       Broad axe         |       |       |       |    67 ||    67
       Staff             |       |       |       |    15 ||    15
Invok: Berserk           |       |     3 |     4 |    12 ||    19
       Trog's Hand       |       |       |     1 |     2 ||     3
       Burn Spellbooks   |       |       |       |     1 ||     1
  Use: Scroll            |       |       |     3 |     5 ||     8
 Stab: Distracted        |     1 |       |       |       ||     1
       Sleeping          |       |       |     2 |     2 ||     4
  Eat: Chunk             |     1 |     5 |     7 |    30 ||    43
       Bread ration      |       |     1 |       |       ||     1
       Meat ration       |       |       |     1 |       ||     1
Armor: Animal skin       |     9 |       |       |       ||     9
       Chain mail        |    37 |    71 |       |       ||   108
       Robe              |       |     3 |    61 |    84 ||   148
Dodge: Dodged            |    54 |    59 |   106 |    89 ||   308
Block: Large shield      |       |       |    64 |   359 ||   423
